AoeStats
← MrSlow

Arabian Desert

509576386Analyzed
1v1 RM · 3d ago on Sep 27, 2026· 50m 38s· 2 players
Game mode
Random Map
Map size
Tiny (2 player)
Population
200
Speed
Normal
Resources
Standard
Victory
Conquest
Starting age
Dark Age
Ending age
Imperial Age
RankedLock teamsTeams togetherTeam positionsShared explorationLock speedFull tech treeHidden civsTurbo modeCheats
Victory
Defeat
🇩🇪 Franks · Germany
656
+17
🇧🇬 Italians · Bulgaria
667
-17
TEKILLA
10:56 Feudal Age
11:44 Man-at-Arms
14:11 Forging
15:04 Scale Mail Armor
15:45 Double-Bit Axe
21:08 Castle Age
20:47 Scale Barding Armor
21:09 Arson
22:06 Gold Mining
23:17 Stone Mining
24:30 Chain Barding Armor
25:51 Gold Shaft Mining
26:40 Squires
29:07 Iron Casting
28:51 Husbandry
29:58 Chain Mail Armor
31:01 Wheelbarrow
31:51 Town Watch
32:26 Hand Cart
33:54 Fletching
37:20 Imperial Age
37:24 Bodkin Arrow
39:35 Plate Mail Armor
39:40 Cavalier
45:35 Plate Barding Armor
49:40 Blast Furnace
49:19 Elite Throwing Axeman
MrSlow
11:19 Feudal Age
16:31 Castle Age
16:22 Fletching
23:08 Double-Bit Axe
25:22 Loom
30:31 Pikeman
31:13 Squires
32:41 Bodkin Arrow
37:23 Imperial Age
35:25 Padded Archer Armor
37:42 Ballistics
38:52 Elite Genoese Crossbowman
48:03 Murder Holes
Connection lost

Rejoining the realm…

Still unreachable

The connection could not be restored.

Session expired

The server has moved on; the page needs a fresh start.